 Dungeon Crawl Stone Soup version 0.24.0 (webtiles) character file.

Game seed: 9176485760365826652, levelgen mode: deterministic

352 Ayyar the Distorting Demonspawn (level 6, -1/72 HPs)
             Began as a Demonspawn Abyssal Knight on Mar 25, 2020.
             Was a Believer of Lugonu.
             Slain by a worker ant (3 damage)
             ... on level 4 of the Dungeon.
             The game lasted 00:14:05 (3415 turns).

Ayyar the Distorting Demonspawn (DsAK)              Turns: 3415, Time: 00:14:05

Health: -1/72      AC: 23    Str: 12 (14) XL:     6   Next: 34%
Magic:  9/9        EV:  2    Int: 12 (13) God:    Lugonu [**....]
Gold:   161        SH:  0    Dex: 17 (18) Spells: 3/5 levels left

rFire    . . .     SeeInvis .   a - +1 spear
rCold    . . .     Gourm    .   (no shield)
rNeg     + + +     Faith    .   (armour currently unavailable)
rPois    +         Spirit   .   (helmet currently unavailable)
rElec    .         Reflect  .   (cloak currently unavailable)
rCorr    .         Harm     .   (gloves currently unavailable)
MR       .....     NoTele   +   (boots currently unavailable)
Stlth    +++.......             (no amulet)
HPRegen  0.22/turn              (no ring)
MPRegen  0.11/turn              (no ring)

@: agile, tree-form
A: no striking features
a: Depart the Abyss, Bend Space, Renounce Religion


You were on level 4 of the Dungeon.
You worshipped Lugonu.
Lugonu was pleased with you.
You were not hungry.
You were a tree.
You visited 1 branch of the dungeon, and saw 4 of its levels.
You visited the Abyss 1 time.

You collected 161 gold pieces.

Inventory:

Hand Weapons
 a - a +1 spear (weapon)
Missiles
 o - 6 silver boomerangs (quivered)
Armour
 b - a +0 leather armour (melded)
 d - a +0 cloak (melded)
 f - a +1 pair of gloves
 l - a +2 chain mail of poison resistance
 p - the +4 scale mail of Weptam {Int+5, unknown}
   (You found it on level 4 of the Dungeon)

   It affects your intelligence (+5).
Scrolls
 i - a scroll of identify {unknown}
 k - a scroll of enchant weapon {unknown}
 m - a scroll of immolation {unknown}
 n - a scroll of random uselessness {unknown}
Potions
 h - a potion of lignification
Comestibles
 c - 5 rations


   Skills:
 + Level 3.9 Fighting
 * Level 3.8 Polearms
 + Level 3.0 Armour
 + Level 2.5 Dodging
 - Level 4.0 Invocations


You had 3 spell levels left.
You knew the following spells:

 Your Spells              Type           Power        Failure   Level  Hunger
a - Sticks to Snakes      Tmut           #.......     45%         2    ###....

Your spell library contained the following spells:

 Spells                   Type           Power        Failure   Level  Hunger
 Beastly Appendage        Tmut           #.....       32%         1    ##.....
 Spider Form              Tmut/Pois      #.........   69%         3    ####...
 Ice Form                 Ice/Tmut       #.......     97%         4    #####..
 Blade Hands              Tmut           #.........   100%        5    ######.


Dungeon Overview and Level Annotations

Branches:
Dungeon (4/15)
 Temple: D:4-7

Altars:
Gozag
Okawaru
Wu Jian
Xom

Shops:
D:4 *

Annotations:
D:3 Natasha, Sigmund


Innate Abilities, Weirdness & Mutations

((You have large cloven feet.))
((Your flesh is cold resistant. (rC+)))
((When seriously injured, your bleeding wounds create armour. (AC +0)))


Message History

Your Armour skill increases to level 3!
You hit the worker ant.
The worker ant is lightly wounded.
The worker ant bites you but does no damage.
You hit the worker ant but do no damage.
The worker ant is lightly wounded.
The worker ant bites you but does no damage.
You hit the worker ant.
The worker ant is moderately wounded.
* * * LOW HITPOINT WARNING * * *
You feel sick.
You are no longer poisoned.
The worker ant bites you but does no damage.
Okay, then.
You feel agile all of a sudden.
The worker ant bites you but does no damage.
You barely miss the worker ant.
The worker ant is moderately wounded.
The worker ant bites you.
You die...

..........................
..........................
#..........................
#..#.#.....................
...........########........
..#.###...# .###....
..#.......# #....
#######.#.###.#a# ###..
..........# #.#♣# #..
###'#.# #.#.# #.. #.....#
#.#.# #.. #.....# #.#># #..
#.....###.#.# #..
#...........# #..
#....####...# #.. #....#
#...# #.. #....#
#...######### #..


You could see a worker ant.

Vanquished Creatures
  A phantom (D:4)
  A scorpion (D:4)
  A hound (D:1)
  An iguana (D:4)
  A worker ant (D:4)
  4 adders
  3 gnolls (D:2)
  2 oozes
  A worm (D:2)
  2 dart slugs (D:2)
  2 leopard geckos
  A ball python (D:2)
  6 giant cockroaches
  6 goblins
  6 hobgoblins
  4 kobolds
  A quokka (D:3)
  6 bats
  5 frilled lizards
  6 rats
60 creatures vanquished.

Notes
Turn   | Place    | Note
-------+----------+-------------------------------------------
     0 | Abyss:1  | Ayyar the Demonspawn Abyssal Knight began the quest for the
                  | Orb.
     0 | Abyss:1  | Reached XP level 1. HP: 18/18 MP: 2/2
    36 | Abyss:1  | Noticed a small abomination
    43 | Abyss:1  | Noticed a lich
    44 | D:1      | Escaped the Abyss
   117 | D:1      | Reached skill level 1 in Dodging
   336 | D:1      | Gained mutation: You have large cloven feet. [demonic
                  | ancestry]
   336 | D:1      | Reached XP level 2. HP: 21/24 MP: 3/3
   386 | D:1      | Reached * piety under Lugonu
   613 | D:1      | Reached skill level 3 in Invocations
   613 | D:1      | Reached XP level 3. HP: 3/29 MP: 5/5
   963 | D:2      | Gained mutation: When seriously injured, your bleeding
                  | wounds create armour. (AC +0) [demonic ancestry]
   963 | D:2      | Reached XP level 4. HP: 20/35 MP: 6/6
  1754 | D:3      | Found an ornate altar of the Wu Jian Council.
  1757 | D:3      | Found an iron altar of Okawaru.
  1760 | D:3      | Found a shimmering altar of Xom.
  1779 | D:3      | Noticed Sigmund
  1846 | D:3      | Noticed Natasha
  1857 | D:2      | Reached XP level 5. HP: 38/41 MP: 7/7
  2250 | D:4      | Reached ** piety under Lugonu
  2388 | D:4      | Found an opulent altar of Gozag.
  2444 | D:4      | Learned a level 2 spell: Sticks to Snakes
  2926 | D:4      | Found Elolen's Assorted Antiques.
  3035 | D:4      | Got a crude scale mail
  3135 | D:4      | Reached skill level 4 in Invocations
  3330 | D:4      | Noticed a phantom
  3390 | D:4      | Killed a phantom
  3390 | D:4      | Gained mutation: Your flesh is cold resistant. (rC+)
                  | [demonic ancestry]
  3390 | D:4      | Reached XP level 6. HP: 15/48 MP: 9/9
  3409 | D:4      | HP: 2/72 [worker ant (3)]
  3415 | D:4      | Slain by a worker ant

Levels and vault maps discovered:
D:1:      psy_arrival_whirlpool, layout_basic, minmay_hedge_maze
D:2:      layout_basic, minmay_pentomino_o2
D:3:      layout_rooms, grunt_temple_overflow_diamond, minmay_stone_trees_small,
          uniq_natasha, uniq_grinder, uniq_sigmund
D:4:      layout_basic, serial_shops, kennysheep_little_box, first_ration,
          nicolae_gozag_seed_capital
